 Dungeon Crawl Stone Soup version 0.29.1-13-g9f3cf754e1 (webtiles) character file.

Game seed: 17136247574122906882

53432 Atlar the Thaumaturge (level 14, -2/76 HPs)
             Began as a Felid Necromancer on Feb 4, 2023.
             Was a High Priest of Hepliaklqana.
             Shot with an arrow by a deep elf archer (19 damage)
             ... on level 2 of the Elven Halls on Feb 5, 2023.
             The game lasted 05:52:54 (30541 turns).

Atlar the Thaumaturge (Felid Necromancer)          Turns: 30541, Time: 05:52:54

Health: -2/76      AC: 26    Str:  4    XL:     14   Next: 30%
Magic:  8/31       EV: 29    Int: 22    God:    Hepliaklqana [*****.]
Gold:   492        SH:  0    Dex: 25    Spells: 2/37 levels left
                                        Lives:  0   Deaths: 3

rFire   . . .      SeeInvis +     - Unarmed
rCold   . . .      Faith    +   (shield unavailable)
rNeg    + . .      Spirit   .   (body armour unavailable)
rPois   ∞          Reflect  .   (helmet unavailable)
rElec   +          Harm     .   (cloak unavailable)
rCorr   .          Rampage  .   (gloves unavailable)
Will    ++...                   (boots unavailable)
Stlth   ++++......              n - amulet of faith
HPRegen 0.22/turn               a - ring of wizardry
MPRegen 0.22/turn               k - +6 ring of dexterity

@: statue-form, very slow
A: slow and powerful, torment resistance 1, boosted hp, reduced essence, very
small, claws 1, fangs 3, see invisible, (speed 1), (shaggy fur 3), stealthy
paws, no weapons or thrown items, no armour, multi-lived
a: End Transformation, Renounce Religion, Recall Ancestor, Ancestor Identity,
Transference, Idealise


You were on level 2 of the Elven Halls.
You worshipped Hepliaklqana.
Hepliaklqana was extremely pleased with you.
You were a living statue of rough stone.
You visited 7 branches of the dungeon, and saw 25 of its levels.
You also visited: Ice Cave.

You collected 2035 gold pieces.
You spent 1543 gold pieces at shops.

Inventory:

Jewellery
 a - a ring of wizardry (left paw)
 e - a ring of poison resistance
 h - a +6 ring of dexterity
 k - a +6 ring of dexterity (right paw)
 m - an amulet of the acrobat
 n - an amulet of faith (around neck)
 I - a ring of magical power
Wands
 s - a wand of flame (13)
 u - a wand of paralysis (21)
 A - a wand of digging (3)
 G - a wand of light (1)
 H - a wand of polymorph (2)
Scrolls
 b - 2 scrolls of teleportation
 c - 3 scrolls of identify
 g - a scroll of magic mapping
 l - 2 scrolls of noise
 p - 5 scrolls of fog
 q - a scroll of immolation
 v - 3 scrolls of poison
 y - a scroll of enchant weapon
 z - a scroll of silence
 D - a scroll of summoning
 M - 2 scrolls of vulnerability
Potions
 d - 4 potions of flight
 f - 2 potions of haste
 i - 2 potions of invisibility
 j - a potion of curing
 o - 7 potions of brilliance
 t - a potion of ambrosia
 w - 4 potions of mutation
 x - 2 potions of lignification
 C - 2 potions of resistance
 E - a potion of magic
 K - 2 potions of might
Miscellaneous
 F - a phial of floods
 J - a condenser vane
 L - a phantom mirror


   Skills:
 - Level 10.0 Fighting
 - Level 11.6 Dodging
 - Level 7.7 Stealth
 + Level 3.4 Unarmed Combat
 - Level 12.3 Spellcasting
 - Level 8.8 Conjurations
 - Level 8.8 Hexes
 - Level 7.0 Summonings
 - Level 6.0 Necromancy
 - Level 6.4 Transmutations
 - Level 3.1 Ice Magic
 - Level 10.8 Earth Magic
 - Level 7.9 Invocations
 - Level 6.0 Evocations


You had 2 spell levels left.
You knew the following spells:

 Your Spells              Type           Power      Damage    Failure   Level
a - Necrotise             Necr           100%       1d9       1%          1
b - Animate Dead          Necr           40%        N/A       1%          4
c - Ensorcelled Hibernat  Hex/Ice        80%        N/A       1%          2
d - Sandblast             Erth           100%       2d20      1%          1
e - Call Canine Familiar  Summ           44%        N/A       1%          3
f - Passwall              Tmut/Erth      42%        N/A       1%          2
g - Frozen Ramparts       Ice            54%        1d9       1%          3
h - Stone Arrow           Conj/Erth      100%       3d13      1%          3
i - Cause Fear            Hex            25%        N/A       1%          4
j - Statue Form           Tmut/Erth      34%        N/A       9%          6
k - Iron Shot             Conj/Erth      27%        9d6       5%          6

Your spell library contained the following spells:

 Spells                   Type           Power      Damage    Failure   Level
 Freeze                   Ice            100%       1d11      1%          1
 Magic Dart               Conj           100%       1d8       1%          1
 Shock                    Conj/Air       100%       1d9       1%          1
 Summon Small Mammal      Summ           100%       N/A       1%          1
 Call Imp                 Summ           44%        N/A       1%          2
 Searing Ray              Conj           100%       2d8       1%          2
 Mephitic Cloud           Conj/Pois/Air  26%        N/A       1%          3
 Summon Guardian Golem    Hex/Summ       48%        N/A       1%          3
 Vampiric Draining        Necr           40%        2d8       1%          3
 Fulminant Prism          Conj/Hex       25%        3d14      1%          4
 Hailstorm                Conj/Ice       40%        3d10      1%          4
 Leda's Liquefaction      Hex/Erth       27%        N/A       1%          4
 Petrify                  Tmut/Erth      51%        N/A       1%          4
 Lee's Rapid Deconstruct  Erth           28%        3d16*     1%          5
 Summon Mana Viper        Hex/Summ       48%        N/A       1%          5
 Summon Ice Beast         Ice/Summ       36%        N/A       2%          4
 Agony                    Necr           40%        N/A       4%          5
 Blade Hands              Tmut           20%        N/A       4%          5
 Metabolic Englaciation   Hex/Ice        20%        N/A       4%          5
 Swiftness                Air            13%        N/A       6%          3
 Airstrike                Air            6%         2d(1-17)  19%         4
 Monstrous Menagerie      Summ           22%        N/A       63%         7
 Dragon Form              Tmut           20%        N/A       71%         7
 Dragon's Call            Summ           22%        N/A       100%        9
 Animate Armour           Summ/Erth      Unusable   N/A       N/A         4

Dungeon Overview and Level Annotations

Branches:
Dungeon (13/15)            Temple (1/1) D:6            Lair (5/5) D:9
 Shoals (1/4) Lair:2       Spider (1/4) Lair:3        Slime (0/5) Lair:5
    Orc (2/2) D:11            Elf (2/3) Orc:2         IceCv (visited)
 Vaults: D:13-14

Altars:
Ashenzari
Cheibriados
Dithmenos
Elyvilon
Fedhas
Gozag
Hepliaklqana
Kikubaaqudgha
Makhleb
Nemelex Xobeh
Okawaru
Qazlal
Ru
Sif Muna
Trog
Uskayaw
Vehumet
Wu Jian
Xom
Yredelemnul
Zin
The Shining One
Jiyva
Lugonu

Shops:
D:4 =   D:5 ?   D:6 :(*(   Orc:2 ?(![   Elf:1 [

Portals:
Abyss: D:5

Annotations:
D:2 1 runed translucent door, Crazy Yiuf, Natasha
Lair:4 3 runed translucent doors, Juirae's ghost, journeyman TrMo
Shoals:1 Nikola
Orc:2 2 transporters, glosham's ghost, adept OgAr


Innate Abilities, Weirdness & Mutations

You are a living statue of rough stone.
Your actions are slow, but your melee attacks are powerful.
You are resistant to unholy torment.
Your maximum health is greatly increased.
You are immune to poison.
Your life essence is reduced to manifest your ancestor. (-10% HP)
You have sharp claws.
You have razor-sharp teeth.
You have supernaturally acute eyesight. (SInv)
((You cover ground quickly. (Speed+)))
((Your thick and shaggy fur keeps you warm. (AC +3, rC+)))
Your paws help you pounce on unaware monsters.
You are incapable of wielding weapons or throwing items.
You cannot wear armour.
You gain extra lives every three experience levels.


Message History

The deep elf archer unwields a +0 dagger.
The deep elf archer wields a +0 shortbow.
The deep elf archer shoots an arrow.
The deep elf knight blocks the arrow.
Your Unarmed Combat skill increases to level 3!
Casting: Stone Arrow (safe; 1% risk of failure)
Confirm with . or Enter, or press ? or * to list all spells.
Aiming: Sandblast (safe; 1% risk of failure)
Press: ? - help, Shift-Dir - straight line, f/p - deep elf knight
Aim: a deep elf knight, wielding a +0 scimitar and wearing a +0 buckler (heavily wounded, fast, slightly transparent, ally target, 72% to hit)
Ælfthryth avoids your attack.
The blast of sand hits the deep elf knight!
The deep elf knight is almost dead.
The deep elf knight casts a spell at you.
The lance of force hits Ælfthryth! Ælfthryth is knocked back by the lance of force. Ælfthryth blocks the deep elf knight's attack.
The deep elf knight blocks Ælfthryth's attack.
The deep elf archer unwields a +0 short sword.
The deep elf archer wields a +0 shortbow.
The deep elf archer shoots an arrow.
The arrow hits the deep elf knight!!
The deep elf knight dies!
The deep elf zephyrmancer gestures wildly while chanting.
The deep elf zephyrmancer blinks!
The deep elf archer shoots an arrow.
The arrow hits Ælfthryth!! Ælfthryth is destroyed!
The deep elf archer shoots an arrow.
The arrow barely misses you.
Items here: ))))).
Okay, then.
Casting: Sandblast (safe; 1% risk of failure)
Confirm with . or Enter, or press ? or * to list all spells.
Aiming: Passwall (safe; 1% risk of failure)
Press: ? - help, Dir - move target A rock wall.
You begin to meditate on the wall.
You continue meditating on the rock.
The deep elf archer mumbles some strange words.
The deep elf archer blinks!
You continue meditating on the rock.
The deep elf archer shoots an arrow.
The arrow barely misses you.
The deep elf archer shoots an arrow.
The arrow hits you!!
You die...

.....e....#
.....R....#
.....).ee.#.###
#e# ... #
###)###...#
####.##.........#
....e.....#####.#
.######.e######.#
#.[)8..[.)#
##+#####.<#####.#
#........#
+...#####.# ###+#


You could see 2 deep elf archers.

Vanquished Creatures
  A deep elf sorcerer (Elf:1)
  A deep elf annihilator (Elf:1)
  A merfolk impaler (Shoals:1)
  Josephine (D:12)
  2 radroaches (Spider:1)
  3 hydras
  3 ogre magi (Orc:2)
  5 two-headed ogres (Orc:2)
  6 death yaks
  4 dancing weapons
  A tengu warrior (D:12)
  Urug (Lair:1)
  2 deep elf knights (Elf:2)
  A slime creature (D:12)
  A sixfirhy (D:11)
  A pharaoh ant (Spider:1)
  A wizard (Elf:1)
  A sea snake (Lair:5)
  2 deep elf archers (Elf:1)
  12 deep elf pyromancers
  2 wolf spiders (Spider:1)
  11 deep elf zephyrmancers
  A harpy (Lair:5)
  2 orc sorcerers (Orc:2)
  A moth of wrath (Spider:1)
  A black mamba (Lair:1)
  4 cane toads
  A gargoyle (D:11)
  2 rime drakes
  7 komodo dragons
  An ice devil (D:11)
  4 trolls
  2 merfolk (Shoals:1)
  2 blink frogs (Lair:5)
  A tarantella (Spider:1)
  3 dream sheep (Lair:3)
  A jumping spider (Spider:1)
  22 yaks
  7 wyverns
  2 wraiths (D:12)
  A culicivora (Spider:1)
  A basilisk (D:11)
  A neqoxec (D:11)
  2 vampire mosquitoes (D:13)
  2 steam dragons (D:8)
  2 redbacks (Spider:1)
  2 wargs (D:12)
  6 water moccasins
  5 orc warriors
  4 wolves (Lair:2)
  A boggart (Elf:1)
  2 centaurs
  12 ogres (Orc:2)
  4 bullfrogs
  A kobold brigand (D:8)
  A necrophage (D:6)
  4 scorpions
  An earth elemental (Elf:1)
  A two-headed ogre simulacrum (Orc:2)
  3 wights (D:9)
  6 killer bees
  A howler monkey (D:6)
  An electric eel (D:11)
  2 quasits (D:11)
  A gnoll bouda (D:4)
  A hound (D:4)
  6 orc priests
  Jessica (D:2)
  14 orc wizards
  An iguana (D:7)
  A spriggan simulacrum (Orc:2)
  A wolf simulacrum (Orc:2)
  3 gnolls
  4 adders
  2 white imps
  3 ufetubi
  A steam dragon simulacrum (IceCv)
  2 orc zombies (Orc:2)
  3 worms
  A dart slug (D:2)
  47 orcs
  6 bats
  4 endoplasms
  5 giant cockroaches
  3 goblins
  9 hobgoblins
  2 jackals (D:2)
  12 kobolds
  3 quokkas
  2 ball pythons
  4 frilled lizards
  5 rats
  2 lurking horrors (D:5)
342 creatures vanquished.

Vanquished Creatures (collateral kills)
  A deep elf sorcerer (Elf:1)
  A deep elf demonologist (Elf:1)
  Erolcha (D:11)
  A merfolk avatar (Lair:5)
  4 hydras
  An ogre mage (Orc:2)
  10 two-headed ogres
  A death knight (D:11)
  A dancing weapon (Elf:2)
  A death yak (Lair:5)
  2 soul eaters (D:11)
  Nergalle (D:10)
  4 deep elf knights (Elf:1)
  2 harpies (Lair:5)
  A deep elf archer (Elf:1)
  A wizard (Elf:1)
  A steelbarb worm (Spider:1)
  2 orc knights
  5 deep elf pyromancers
  An orc sorcerer (Orc:2)
  3 deep elf zephyrmancers (Elf:1)
  4 manticores
  A black mamba (Lair:4)
  8 cane toads
  3 torpor snails
  3 rime drakes
  2 komodo dragons
  A tengu conjurer (D:12)
  A freezing wraith (D:13)
  A hellwing (D:11)
  A red devil (D:11)
  2 merfolk (Shoals:1)
  A troll (Orc:1)
  A wind drake (Lair:5)
  4 polar bears
  4 tarantellas (Spider:1)
  A hornet (Lair:5)
  3 slime creatures (D:12)
  2 blink frogs (Lair:5)
  4 dream sheep (Lair:3)
  A shadow (D:10)
  5 wraiths
  27 yaks
  3 water elementals
  2 wyverns
  A chaos spawn (D:11)
  7 basilisks
  3 redbacks (Spider:1)
  A death yak simulacrum (Orc:2)
  A steam dragon (Lair:5)
  Edmund (D:4)
  6 wargs
  An acid dragon (D:11)
  5 water moccasins
  17 orc warriors
  An ice beast (D:6)
  A black bear (D:9)
  17 wolves (Lair:2)
  16 ogres
  2 centaurs
  A phantom (D:6)
  4 bullfrogs
  3 scorpions (Lair:3)
  2 two-headed ogre simulacra (Orc:2)
  2 wights (D:9)
  An elephant simulacrum (Orc:2)
  2 killer bees (D:10)
  2 howler monkeys
  4 komodo dragon simulacra (IceCv)
  A quasit (D:11)
  3 orc priests
  9 orc wizards
  A polar bear simulacrum (Orc:2)
  3 gnolls
  A steam dragon simulacrum (IceCv)
  19 orcs
  A giant cockroach (Lair:3)
  4 goblins (D:9)
  2 hobgoblins (D:11)
  A kobold (D:8)
  A bat (D:1)
  A frilled lizard (D:3)
278 creatures vanquished.

Vanquished Creatures (others)
  2 deep elf knights (Elf:2)
  A deep elf zephyrmancer (Elf:2)
  2 hydra zombies
  A redback zombie (Spider:1)
  A radroach zombie (Spider:1)
  A tarantella zombie (Spider:1)
  8 two-headed ogre zombies (Orc:2)
  A cane toad zombie (Lair:1)
  2 manticore zombies (D:11)
  8 elf zombies
  2 blink frog zombies (Lair:5)
  A rime drake zombie (Lair:5)
  2 komodo dragon zombies
  A wyvern zombie (Lair:5)
  6 warg zombies
  20 yak zombies
  A water moccasin zombie (Lair:1)
  A troll zombie (D:13)
  5 wolf zombies (Lair:2)
  A basilisk zombie (D:11)
  3 scorpion zombies (Lair:3)
  16 ogre zombies (Orc:2)
  21 knights
  5 ancestors
  2 giant cockroach zombies (Lair:3)
  2 gnoll zombies (Orc:1)
  19 orc zombies
  5 demonic plants (D:11)
  34 fungi
  52 plants
226 creatures vanquished.

Grand Total: 846 creatures vanquished

Notes
Turn   | Place    | Note
-------+----------+-------------------------------------------
     0 | D:1      | Atlar the Felid Necromancer began the quest for the Orb.
     0 | D:1      | Reached XP level 1. HP: 7/7 MP: 4/4
   263 | D:1      | Reached XP level 2. HP: 5/11 MP: 0/6
  1365 | D:2      | Found a runed translucent door.
  1366 | D:2      | Noticed Crazy Yiuf
  1418 | D:2      | Reached XP level 3. HP: 14/14 MP: 3/7
  1422 | D:2      | Learned a level 3 spell: Vampiric Draining
  1425 | D:2      | Learned a level 2 spell: Ensorcelled Hibernation
  1720 | D:2      | Noticed Natasha
  1816 | D:2      | Noticed Jessica
  1822 | D:2      | Killed Jessica
  1823 | D:2      | Reached skill level 1 in Hexes
  1823 | D:2      | Reached XP level 4. HP: 18/18 MP: 3/9
  2005 | D:2      | Learned a level 1 spell: Sandblast
  2398 | D:3      | Reached skill level 3 in Spellcasting
  2919 | D:3      | Found a glowing golden altar of the Shining One.
  3024 | D:3      | Reached XP level 5. HP: 14/21 MP: 5/10
  3693 | D:4      | Reached skill level 5 in Necromancy
  3693 | D:4      | Reached skill level 1 in Earth Magic
  3949 | D:4      | Found Vaaromus's Jewellery Emporium.
  3949 | D:4      | Noticed Edmund
  3966 | D:4      | Found a glowing silver altar of Zin.
  4233 | D:5      | Entered Level 5 of the Dungeon
  4233 | D:5      | Found Lickuf Caos's Magic Scroll Emporium.
  4314 | D:5      | Bought a scroll of identify for 26 gold pieces
  4314 | D:5      | Bought a scroll of identify for 26 gold pieces
  4575 | D:5      | Gained mutation: You are covered in thick fur. (AC +2)
                  | [Felid growth]
  4575 | D:5      | Reached XP level 6. HP: 24/24 MP: 6/12
  5186 | D:5      | Found a corrupted altar of Lugonu.
  5187 | D:5      | Found a one-way gate to the infinite horrors of the Abyss.
  5381 | D:5      | Noticed a water moccasin
  5390 | D:5      | Killed a water moccasin
  5391 | D:5      | Reached skill level 4 in Spellcasting
  5656 | D:6      | Noticed an ice beast
  5686 | D:6      | Found a blossoming altar of Fedhas.
  5801 | D:6      | Reached XP level 7. HP: 25/27 MP: 8/14
  5833 | D:6      | Noticed a hornet
  5877 | D:6      | Learned a level 3 spell: Call Canine Familiar
  5896 | D:6      | Found a staircase to the Ecumenical Temple.
  5914 | Temple   | Entered the Ecumenical Temple
  5943 | Temple   | Became a worshipper of Hepliaklqana the Forgotten
  6056 | D:6      | Found Himpa's Weapon Boutique.
  6186 | D:6      | Found Dyist's Book Boutique.
  6191 | D:6      | Found Hykhui Lysa's Assorted Antiques.
  6192 | D:6      | Found Ovum's Weapon Boutique.
  6337 | D:7      | Reached skill level 1 in Summonings
  6377 | D:7      | Reached skill level 1 in Fighting
  6985 | D:6      | Found a shimmering altar of Xom.
  6986 | D:6      | Found a shimmering altar of Xom.
  6989 | D:6      | Found a shimmering altar of Xom.
  6989 | D:6      | Found a shimmering altar of Xom.
  6994 | D:6      | Found a shimmering altar of Xom.
  6994 | D:6      | Found a shimmering altar of Xom.
  6994 | D:6      | Found a shimmering altar of Xom.
  7510 | D:7      | Reached * piety under Hepliaklqana
  7655 | D:7      | Reached XP level 8. HP: 25/30 MP: 6/15
  8024 | D:4      | Killed Edmund
  8025 | D:4      | Reached skill level 5 in Summonings
  8029 | D:4      | Bought a ring of wizardry for 330 gold pieces
  8034 | D:4      | Learned a level 2 spell: Passwall
  8658 | D:8      | Killed from afar by a steam dragon
  8659 | D:8      | Reached XP level 7. HP: -9/28 MP: 7/14
  8820 | D:8      | Noticed a yak
  8868 | D:8      | Noticed a wyvern
  8879 | D:8      | Killed a wyvern
  8880 | D:8      | Reached XP level 8. HP: 32/32 MP: 9/16
  8899 | D:8      | Learned a level 3 spell: Frozen Ramparts
  8974 | D:8      | Reached skill level 5 in Dodging
  8974 | D:8      | Reached skill level 5 in Spellcasting
  8974 | D:8      | Reached skill level 1 in Ice Magic
  9684 | D:8      | Identified the +1 cloak of Objectivity {rN+ Str+5 Stlth+}
  9745 | D:8      | Reached ** piety under Hepliaklqana
  9746 | D:8      | Remembered your ancestor Ælfthryth as a knight
  9870 | D:8      | Learned a level 3 spell: Stone Arrow
 10265 | D:9      | Found a sparkling altar of Nemelex Xobeh.
 10382 | D:9      | Reached skill level 1 in Conjurations
 10434 | D:9      | Reached XP level 9. HP: 35/35 MP: 6/18
 11085 | D:9      | Found a staircase to the Lair.
 11097 | D:9      | Reached skill level 6 in Spellcasting
 11397 | D:10     | Entered Level 10 of the Dungeon
 11506 | D:10     | Learned a level 4 spell: Animate Dead
 11553 | D:10     | Reached *** piety under Hepliaklqana
 11675 | D:10     | Reached skill level 5 in Fighting
 11791 | D:10     | Noticed a two-headed ogre
 11856 | D:10     | Reached skill level 7 in Spellcasting
 11964 | D:10     | Reached XP level 10. HP: 31/39 MP: 2/22
 12095 | D:10     | Killed a two-headed ogre
 12096 | D:10     | Reached skill level 8 in Spellcasting
 12247 | D:10     | Learned a level 4 spell: Cause Fear
 12270 | D:10     | Reached skill level 5 in Hexes
 12560 | D:10     | Found a stormy altar of Qazlal.
 12725 | D:10     | Noticed Nergalle
 12735 | D:10     | Noticed a spectral orc warlord
 13008 | Lair:1   | Entered Level 1 of the Lair of Beasts
 13008 | Lair:1   | Noticed a cane toad
 13015 | Lair:1   | Noticed a cane toad
 13015 | Lair:1   | Killed a cane toad
 13022 | Lair:1   | Killed a cane toad
 13030 | Lair:1   | Noticed Urug
 13039 | Lair:1   | Noticed a cane toad
 13046 | Lair:1   | Killed a cane toad
 13242 | Lair:1   | Noticed a cane toad
 13259 | Lair:1   | Killed a cane toad
 13358 | Lair:1   | Noticed a cane toad
 13370 | Lair:1   | Killed a cane toad
 13371 | Lair:1   | Reached XP level 11. HP: 45/45 MP: 21/24
 13426 | Lair:1   | Noticed a four-headed hydra
 13433 | Lair:1   | Killed a four-headed hydra
 13911 | Lair:2   | Reached **** piety under Hepliaklqana
 14014 | Lair:2   | Found a staircase to the Shoals.
 14410 | Lair:2   | Reached skill level 10 in Dodging
 14482 | Lair:2   | Noticed a four-headed hydra
 14501 | Lair:2   | Killed a four-headed hydra
 14742 | Lair:2   | Noticed a death yak
 14755 | Lair:2   | Killed a death yak
 14756 | Lair:2   | Reached skill level 5 in Earth Magic
 14949 | Lair:3   | Reached ***** piety under Hepliaklqana
 15237 | Lair:3   | Gained mutation: Your thick and shaggy fur keeps you warm.
                  | (AC +3, rC+) [Felid growth]
 15237 | Lair:3   | Reached XP level 12. HP: 50/50 MP: 20/25
 15267 | Lair:3   | Found a hole to the Spider Nest.
 15293 | Lair:3   | Reached skill level 5 in Conjurations
 15664 | Lair:3   | Noticed a six-headed hydra
 15675 | Lair:3   | Killed a six-headed hydra
 15820 | Lair:3   | Reached skill level 9 in Spellcasting
 16369 | Lair:4   | Found a runed translucent gate.
 16369 | Lair:4   | Found a runed translucent gate.
 16369 | Lair:4   | Found a runed translucent gate.
 16369 | Lair:4   | Found a viscous altar of Jiyva.
 16369 | Lair:4   | Noticed a quicksilver ooze
 16369 | Lair:4   | Noticed a quicksilver ooze
 16369 | Lair:4   | Noticed an azure jelly
 16369 | Lair:4   | Noticed Juirae's ghost (journeyman TrMo)
 16369 | Lair:4   | Noticed an acid blob
 16369 | Lair:4   | Noticed an azure jelly
 16369 | Lair:4   | Noticed an azure jelly
 16369 | Lair:4   | Noticed an azure jelly
 16369 | Lair:4   | Noticed an acid blob
 16370 | Lair:4   | Noticed an azure jelly
 16370 | Lair:4   | Noticed a great orb of eyes
 16386 | Lair:4   | Noticed a death yak
 16387 | Lair:4   | Noticed a death yak
 16389 | Lair:4   | Noticed a death yak
 16389 | Lair:4   | Noticed a death yak
 16390 | Lair:4   | Noticed a death yak
 16402 | Lair:4   | Noticed a death yak
 16404 | Lair:4   | Killed a death yak
 16773 | Lair:5   | Entered Level 5 of the Lair of Beasts
 16825 | Lair:5   | Noticed a six-headed hydra
 16833 | Lair:5   | Killed a six-headed hydra
 17065 | Lair:5   | Reached skill level 10 in Spellcasting
 17754 | Lair:5   | Noticed a seven-headed hydra
 18046 | D:6      | Bought a book of Beasts for 570 gold pieces
 18051 | D:6      | Learned a level 4 spell: Summon Ice Beast
 18339 | Lair:5   | Reached XP level 13. HP: 36/54 MP: 12/28
 18708 | Lair:5   | Found an ancient bone altar of Kikubaaqudgha.
 18915 | Lair:5   | Found a viscous altar of Jiyva.
 18916 | Lair:5   | Found a staircase to the Slime Pits.
 19370 | Lair:5   | Reached ****** piety under Hepliaklqana
 19730 | Lair:5   | Learned a level 6 spell: Iron Shot
 20222 | D:10     | Killed Nergalle
 20634 | D:11     | Reached skill level 11 in Spellcasting
 21252 | D:11     | Reached skill level 10 in Fighting
 21469 | D:11     | Reached skill level 1 in Invocations
 21779 | D:11     | Reached skill level 1 in Evocations
 22028 | D:11     | Reached XP level 14. HP: 59/59 MP: 19/30
 22191 | D:11     | Found a staircase to the Orcish Mines.
 22217 | D:11     | Noticed Erolcha
 22242 | D:11     | Killed Erolcha
 22970 | Orc:1    | Entered Level 1 of the Orcish Mines
 23303 | Orc:1    | You fall into a shaft and drop 1 floor!
 23303 | Orc:2    | Entered Level 2 of the Orcish Mines
 23349 | Orc:2    | Found a frozen archway.
 23501 | IceCv    | Entered an ice cave
 23716 | Orc:2    | Found a staircase to the Elven Halls.
 23813 | Orc:2    | Found a transporter.
 23898 | Orc:2    | Noticed glosham's ghost (adept OgAr)
 23914 | Orc:2    | Found a transporter.
 23966 | Orc:2    | Reached skill level 5 in Invocations
 23985 | Orc:2    | Reached skill level 5 in Evocations
 24004 | Orc:2    | Found Kampavag's Magic Scroll Emporium.
 24004 | Orc:2    | Found Poror's Distillery.
 24004 | Orc:2    | Found Viphias's Weapon Shop.
 24004 | Orc:2    | Found Conuoh's Armour Shoppe.
 24140 | Orc:2    | Bought a scroll of teleportation for 51 gold pieces
 25100 | D:6      | Bought a book of the Earth for 540 gold pieces
 25275 | D:12     | Noticed Josephine
 25315 | D:12     | Reached skill level 5 in Stealth
 25678 | D:12     | Killed Josephine
 26823 | Lair:1   | Killed Urug
 26944 | Shoals:1 | Entered Level 1 of the Shoals
 26970 | Shoals:1 | Noticed Nikola
 27233 | Spider:1 | Entered Level 1 of the Spider Nest
 27243 | Spider:1 | Reached XP level 15. HP: 46/62 MP: 9/31
 27329 | Spider:1 | Reached skill level 1 in Transmutations
 27456 | Spider:1 | HP: 1/62 [redback (24)]
 27457 | Spider:1 | Succumbed to a redback's poison
 27458 | Spider:1 | Reached XP level 14. HP: -9/59 MP: 13/30
 27964 | Elf:1    | Entered Level 1 of the Elven Halls
 28096 | Elf:1    | Noticed a deep elf sorcerer
 28108 | Elf:1    | Killed a deep elf sorcerer
 28509 | Orc:2    | Learned a level 6 spell: Statue Form
 28575 | Elf:1    | HP: 1/76 [fire elemental[a deep elf pyromancer] (13)]
 28576 | Elf:1    | Incinerated by a deep elf pyromancer
 28577 | Elf:1    | Reached XP level 13. HP: -2/70 MP: 18/29
 28761 | Elf:1    | Reached skill level 10 in Earth Magic
 28892 | Elf:1    | Noticed a deep elf sorcerer
 28899 | Elf:1    | Killed a deep elf sorcerer
 29226 | Elf:1    | Noticed a deep elf demonologist
 29227 | Elf:1    | Reached skill level 5 in Transmutations
 29361 | Elf:1    | Noticed a deep elf annihilator
 29503 | Elf:1    | Reached skill level 12 in Spellcasting
 29545 | Elf:1    | Killed a deep elf annihilator
 29678 | Elf:1    | Found Hoegaum's Antique Armour Boutique.
 29710 | Elf:1    | Killed a deep elf demonologist
 29724 | Elf:1    | Reached XP level 14. HP: 59/59 MP: 14/31
 30391 | Elf:2    | Reached skill level 1 in Unarmed Combat
 30541 | Elf:2    | Shot with an arrow by a deep elf archer

Illustrated notes

Levels and vault maps discovered:
D:1:      lightli_arrival_quake, layout_loops_ring
D:2:      layout_basic, uniq_jessica, uniq_crazy_yiuf_cottage, uniq_natasha
D:3:      layout_basic, mainiacjoe_overflow_catwalk, minmay_between
D:4:      layout_loops_ring, lemuel_round_altar, serial_shops,
          kennysheep_little_box, uniq_edmund
D:5:      layout_gridville, serial_shops, shop, amcnicky_altar_lugonu_corruption
D:6:      layout_basic, nicolae_xom_altar_mimics, fedhas_altar_1, temple_hall,
          minmay_shop_grid_forest
D:7:      minmay_the_grid_triangle_9x9_rhombus_thin
          [minmay_the_grid_triangle_9x9_empty,
          minmay_the_grid_triangle_9x9_prize_schism,
          minmay_the_grid_triangle_9x9_pentomino_pain,
          minmay_the_grid_triangle_9x9_skeleton], layout_basic
D:8:      cheibrodos_steamvent, layout_basic
D:9:      layout_roguey, nemelex_xobeh_ov_fountains_minmay, david_lair_generic,
          enter_bailey_3, kennysheep_cross_bottleneck
D:10:     layout_long_grid, nicolae_qazlal_general_emergency,
          minmay_splitting_lines, uniq_nergalle, uniq_grum
D:11:     minmay_blocky_corners, layout_layer_cave, erik_orc_3, serial_demonic,
          serial_demonic_f, serial_demonic_f, serial_demonic_f,
          serial_demonic_e, minivault_27, uniq_erolcha
D:12:     layout_irregular_city, gauntlet_entry_generic, nooodl_orcs_dogs,
          uniq_josephine
D:13:     minmay_shrinking_squares, layout_rooms, grunt_vaults_entry_fortified,
          trove_entry_hex_spiral
Temple:   nicolae_temple_superstar
Lair:1:   layout_small_grid, nicolae_quartered_pool_impasse, minivault_27,
          dreamdust_mushroom_princess, st_stairs_4, uniq_urug
Lair:2:   layout_chaotic_city, shoals_dummy_entry, grunt_forest_large_clearings,
          grunt_megastairs_1
Lair:3:   layout_hall_layers, nicolae_spider_entry_non_spiders,
          grunt_megastairs_3, infiniplex_staircase_pool
Lair:4:   layout_gridlike, gammafunk_ghost_ooze
Lair:5:   gammafunk_lair_ancient_temple, layout_cellular_growth, slime_entry_1,
          basic_altar
Shoals:1: layout_shoals, uniq_nikola, uniq_aizul
Spider:1: layout_cave_pods
Orc:1:    layout_diamond_mine
Orc:2:    st_orc_ogre_mass, layout_caves, portal_ice_cave_entry_ice_simulacra,
          gammafunk_ghost_stat_death
Elf:1:    layout_loops_cross, serial_shops, nicolae_shop_hallway_plus,
          minmay_elf_demonology, hangedman_elf_disciples
Elf:2:    elven_hall_of_blades_hangedman_original [mumra_blade_entry_bloodbath],
          layout_gridlike

Skill      XL: |  1  2  3  4  5  6  7  8  9 10 11 12 13 14 15 |
---------------+----------------------------------------------+-----
Stealth        | 3 4 7 |  7.7
Dodging        | 3 4 5 7 10 11 | 11.6
Hexes          | 1 2 4 8 |  8.8
Spellcasting   | 3 4 5 7 8 10 12 | 12.3
Necromancy     | 5 6 |  6.0
Earth Magic    | 1 2 3 5 8 10 | 10.8
Summonings     | 4 6 7 |  7.0
Fighting       | 2 4 5 7 8 10 | 10.0
Ice Magic      | 2 3 |  3.1
Conjurations   | 1 2 4 7 8 |  8.8
Invocations    | 2 7 |  7.9
Evocations     | 1 6 |  6.0
Transmutations | 5 6 1 |  6.4
Unarmed Combat | 3 |  3.4

Action                   |  1- 3 |  4- 6 |  7- 9 | 10-12 | 13-15 || total
-------------------------+-------+-------+-------+-------+-------++-------
Melee: Unarmed           |       |     1 |    21 |     9 |     9 ||    40
       Bite              |       |       |     1 |     3 |     3 ||     7
       Punch             |       |       |       |       |     1 ||     1
 Cast: Necrotise         |    66 |   122 |    96 |       |       ||   284
       Sandblast         |       |    18 |    29 |    43 |   184 ||   274
       Call Canine Famil |       |       |    27 |    11 |    28 ||    66
       Ensorcelled Hiber |       |       |    21 |     1 |     1 ||    23
       Vampiric Draining |       |       |     5 |       |       ||     5
       Stone Arrow       |       |       |    22 |   119 |   194 ||   335
       Frozen Ramparts   |       |       |     5 |     5 |    16 ||    26
       Animate Dead      |       |       |     1 |    16 |    23 ||    40
       Summon Ice Beast  |       |       |       |     1 |    24 ||    25
       Iron Shot         |       |       |       |       |    18 ||    18
       Cause Fear        |       |       |       |       |     8 ||     8
       Statue Form       |       |       |       |       |     7 ||     7
       Passwall          |       |       |       |       |     1 ||     1
Invok: Recall Ancestor   |       |       |    10 |     6 |    21 ||    37
       Ancestor Life: Kn |       |       |     1 |       |       ||     1
       Idealise          |       |       |       |       |    11 ||    11
       Transference      |       |       |       |       |     2 ||     2
Evoke: Wand              |       |       |     2 |       |    29 ||    31
       Condenser vane    |       |       |       |       |     2 ||     2
  Use: Scroll            |     2 |    10 |     8 |     9 |    13 ||    42
       Potion            |       |       |     5 |     2 |    11 ||    18
 Stab: Sleeping          |       |     1 |     1 |       |     1 ||     3
       Distracted        |       |       |     1 |     1 |       ||     2
       Paralysed         |       |       |       |       |     2 ||     2
Armor: Skin              |     1 |     2 |     3 |     4 |    20 ||    30
Dodge: Dodged            |       |    33 |   103 |    88 |   161 ||   385
